AoeStats
← emre_gul19

Nomad

510118349Analyzed
3v3 RM · 2d ago on Sep 29, 2026· 19m 55s· 6 players
Game mode
Random Map
Map size
210×210
Population
200
Speed
Normal
Resources
Standard
Victory
Conquest
Starting age
Dark Age
Ending age
Imperial Age
RankedLock teamsTeams togetherTeam positionsShared explorationLock speedFull tech treeHidden civsTurbo modeCheats
Victory
Defeat
🇹🇼 Saxons · Taiwan
1415
+13
🇪🇸 Hindustanis · Spain
1408
+13
🇨🇳 Persians · China
1407
+13
🇩🇪 Wu · Germany
1363
-13
🇩🇪 Khitans · Germany
1361
-14
🇹🇷 Persians · Türkiye
1329
-12
Rodoin Flock
5:02 Loom
13:02 Feudal Age
18:53 Castle Age
17:11 Forging
16:55 Double-Bit Axe
19:16 Scale Barding Armor
19:14 Domestication
Alex
8:42 Loom
9:08 Loom
12:10 Feudal Age
14:17 Double-Bit Axe
14:47 Fishing Lines
16:19 Fletching
21:46 Castle Age
emre_gul19
7:18 Loom
15:23 Feudal Age
16:42 Wheelbarrow
15:53 Double-Bit Axe
16:02 Gold Mining
16:01 Town Watch
17:17 Fishing Lines
VaultBoy
4:20 Loom
13:53 Feudal Age
17:44 Castle Age
16:04 Fishing Lines
19:54 Horse Collar
Advanced Micro Devices
8:22 Loom
12:57 Feudal Age
16:53 Castle Age
15:07 Double-Bit Axe
16:08 Fletching
17:35 Bodkin Arrow
17:59 Bow Saw
19:05 Gold Mining
JieX
7:10 Loom
12:16 Feudal Age
17:15 Castle Age
16:15 Double-Bit Axe
16:45 Scale Barding Armor
20:26 Chain Barding Armor
Connection lost

Rejoining the realm…

Still unreachable

The connection could not be restored.

Session expired

The server has moved on; the page needs a fresh start.